 Dungeon Crawl Stone Soup version 0.32-a0-643-ga006e7742e (webtiles) character file.

Game seed: 17174342289337899009

9214 croobank the Covert (level 11, 0/77 HPs)
             Began as an Octopode Summoner on Mar 7, 2024.
             Was a High Priest of Trog.
             Slain by a killer bee (9 damage)
             ... on level 11 of the Dungeon.
             The game lasted 00:37:26 (12769 turns).

croobank the Covert (Octopode Summoner)            Turns: 12769, Time: 00:37:27

Health: 0/77       AC:  1    Str: 11    XL:     11   Next: 43%
Magic:  14/14      EV: 20    Int: 19    God:    Trog [*****.]
Gold:   600        SH:  8    Dex: 12    Spells: 13/14 levels left

rFire   . . .        c - +0 short sword (drain)
rCold   . . .        n - +3 buckler
rNeg    . . .        (helmet restricted)
rPois   .            (no amulet)
rElec   .            h - ring of see invisible
rCorr   .            z - +5 ring of evasion
SInv    +            F - ring of flight
Will    .....        (no ring)
Stlth   ++++++       (no ring)
HPRegen 0.32/turn    (no ring)
MPRegen 0.14/turn    (no ring)
                     (no ring)

%: no passive effects
@: on berserk cooldown, flying
A: almost no armour, amphibious, 8 rings, camouflage 1, gelatinous body 1,
(nimble swimmer 1), tentacles
a: Renounce Religion, Berserk, Trog's Hand, Brothers in Arms


You were on level 11 of the Dungeon.
You worshipped Trog.
Trog was extremely pleased with you.
You visited 1 branch of the dungeon, and saw 11 of its levels.
You also visited: Sewer and Bailey.

You collected 740 gold pieces.
You spent 140 gold pieces at shops.

Inventory:

Hand Weapons
 c - a +0 short sword of draining (weapon)
 f - a +0 war axe
 g - a +0 morningstar
 w - a +4 vampiric scythe
 A - a +0 spear of freezing
 B - a +4 trident of pain
 E - a +2 vampiric halberd
 I - a +0 scimitar
 J - a +1 dagger of draining
Missiles
 H - 3 javelins
 K - 19 poisoned darts (quivered)
 O - a throwing net
Armour
 e - a +0 kite shield
 n - a +3 buckler (worn)
Jewellery
 h - a ring of see invisible (left tentacle)
 j - a ring of ice
 t - a ring of ice
 z - a +5 ring of evasion (right tentacle)
 F - a ring of flight (on tentacle)
Wands
 m - a wand of roots (6)
 s - a wand of acid (18)
 v - a wand of flame (20)
 x - a wand of charming (1)
Scrolls
 u - 2 scrolls of teleportation
 y - a scroll of revelation
Potions
 b - 9 potions of curing
 d - a potion of brilliance
 i - a potion of ambrosia
 k - 3 potions of resistance
 l - 6 potions of heal wounds {unknown}
 o - a potion of invisibility
 p - a potion of attraction {unknown}
 q - 2 potions of might {unknown}
 r - 2 potions of haste {unknown}
 C - a potion of degeneration {unknown}
 D - 2 potions of mutation {unknown}
Miscellaneous
 N - a box of beasts


   Skills:
 + Level 7.8 Fighting
 + Level 7.7 Short Blades
 + Level 8.2 Dodging
 + Level 11.6 Stealth
 - Level 7.0 Shields
 - Level 2.2 Spellcasting
 - Level 4.1 Summonings
 + Level 2.9 Evocations


You had 13 spell levels left.
You knew the following spells:

 Your Spells              Type           Power      Damage    Failure   Level
a - Summon Small Mammal   Summ           68%        N/A       4%          1

Your spell library contained the following spells:

 Spells                   Type           Power      Damage    Failure   Level
 Call Imp                 Summ           34%        N/A       6%          2
 Call Canine Familiar     Summ           17%        N/A       12%         3
 Summon Blazeheart Golem  Fire/Summ      9%         N/A       67%         4
 Summon Lightning Spire   Summ/Air       9%         N/A       67%         4


Dungeon Overview and Level Annotations

Branches:
Dungeon (11/15)            Temple (0/1) D:6            Lair (0/5) D:11
  Sewer (visited)          Bailey (visited)
    Orc: D:9-12

Altars:
Ashenzari
Elyvilon
Fedhas
Gozag
Makhleb
Nemelex Xobeh
Okawaru
Ru
Sif Muna
Trog
Wu Jian
The Shining One

Shops:
D:3 !   D:4 *   D:8 (


Innate Abilities, Weirdness & Mutations

You cannot wear most types of armour.
You are amphibious.
You can wear up to eight rings at the same time.
Your skin changes colour to match your surroundings (Stealth+).
Your rubbery body absorbs attacks. (AC +1, EV +1)
((You are camouflaged when in or above water. (Stealth+)))
You have tentacles for arms and can constrict up to eight enemies at once.


Message History

The killer bee dies!
Trog accepts your kill.
You feel sick.
You are no longer poisoned.
Your unseen horror barely misses the killer bee.
You block the killer bee's attack.
The killer bee attacks as it pursues you!
The killer bee misses you. You block the killer bee's attack.
The killer bee misses you. The killer bee stings you!
You are poisoned.
The killer bee poisons you! The killer bee misses you.
The killer bee stings you!
You are more poisoned.
The killer bee poisons you!
Your cyclops hits the killer bee!
You feel yourself speed up.
You feel extremely sick.
The killer bee attacks as it pursues you!
The killer bee stings you!
* * * LOW HITPOINT WARNING * * *
The killer bee barely misses your unseen horror.
The killer bee closely misses you.
Your unseen horror barely misses the killer bee.
You block the killer bee's attack.
The killer bee barely misses your unseen horror.
You block the killer bee's attack. The killer bee stings you.
* * * LOW HITPOINT WARNING * * *
The killer bee barely misses you.
Your cyclops hits the killer bee!
* * * LOW HITPOINT WARNING * * *
You feel very sick.
Your unseen horror misses the killer bee.
The killer bee attacks as it pursues you!
You block the killer bee's attack. The killer bee stings your cyclops.
Your cyclops is poisoned.
The killer bee poisons your cyclops! The killer bee closely misses you.
The killer bee barely misses your cyclops.
You feel better. You block the killer bee's attack. x2
Your unseen horror closely misses the killer bee.
The killer bee stings your cyclops. The killer bee barely misses you.
The killer bee stings you!
You die...

#..............:............
#...........................
#.....................###
#.....................#
#.....................#
#.................y...#
###................x.†..#####
................yy...........
###..######.....@.y†.........
#..# #...#..#C.######### #..#
#..^##...~.#
#..######...##...~.#
###.....).....#..~~..######
.....))....C.....~~~.......
....#######...##.~.....##
###.# #...###~....## #.#
#...# #####.#


You could see 4 killer bees, a friendly cyclops (summoned, very poisoned) and a
friendly unseen horror (summoned, invisible).

Vanquished Creatures
  Harold (D:10)
  A manticore (D:11)
  A gargoyle (Bailey)
  A komodo dragon (D:11)
  A hornet (D:9)
  Sigmund (D:6)
  A vampire (Bailey)
  2 shadows (D:10)
  A wraith (D:9)
  10 yaks
  A wyvern (D:7)
  A basilisk (D:8)
  A steam dragon (D:8)
  A sky beast (D:8)
  An ice beast (D:5)
  3 orc warriors
  4 centaurs
  An ogre (D:7)
  3 bullfrogs
  2 kobold brigands
  3 gnoll sergeants
  3 scorpions
  Dowan (D:6)
  12 killer bees
  An electric eel (D:9)
  8 vampire bats (Bailey)
  8 wolf zombies (Bailey)
  3 howler monkeys
  A hound (D:7)
  A gnoll bouda (D:4)
  6 jellies
  3 bombardier beetles
  3 orc priests
  3 iguanas
  2 sleepcaps
  7 orc wizards
  Ijyb (D:3)
  33 gnolls
  15 adders
  22 orc zombies (Bailey)
  A river rat (Sewer)
  2 white imps
  2 ufetubi (D:5)
  3 dart slugs
  4 ribbon worms
  35 orcs
  11 ball pythons
  5 bats
  15 endoplasms
  5 giant cockroaches
  7 hobgoblins
  A jackal (D:4)
  5 quokkas
  7 frilled lizards
  15 goblins
  11 kobolds
  13 rats
316 creatures vanquished.

Vanquished Creatures (collateral kills)
  2 yaks (D:11)
  Duvessa (D:6)
  2 killer bees (D:11)
  An orc wizard (D:10)
  A kobold (D:1)
7 creatures vanquished.

Vanquished Creatures (others)
  A jelly (D:6)
1 creature vanquished.

Grand Total: 324 creatures vanquished

Notes
Turn   | Place    | Note
-------+----------+-------------------------------------------
     0 | D:1      | croobank the Octopode Summoner began the quest for the Orb.
     0 | D:1      | Reached XP level 1. HP: 11/11 MP: 3/3
   240 | D:1      | Reached skill level 3 in Stealth
   257 | D:1      | Reached XP level 2. HP: 17/17 MP: 5/5
   260 | D:1      | Learned a level 2 spell: Call Imp
   283 | D:1      | Found a faded altar of an unknown god.
   337 | D:1      | Prayed at the altar of an unknown god.
   337 | D:1      | Became a worshipper of Trog the Wrathful
   337 | D:1      | Reached * piety under Trog
   510 | D:1      | Reached XP level 3. HP: 22/22 MP: 6/6
   842 | D:2      | Reached ** piety under Trog
   885 | D:2      | Reached skill level 1 in Fighting
   885 | D:2      | Reached skill level 1 in Short Blades
  1069 | D:2      | Reached XP level 4. HP: 28/28 MP: 7/7
  1220 | D:2      | Reached skill level 4 in Stealth
  1464 | D:3      | Noticed Ijyb
  1473 | D:3      | Killed Ijyb
  1474 | D:3      | Reached XP level 5. HP: 34/34 MP: 8/8
  1582 | D:3      | Found Vysomp's Distillery.
  1800 | D:3      | Reached XP level 6. HP: 34/39 MP: 9/9
  2107 | D:4      | Found a glowing drain.
  2138 | Sewer    | Entered a sewer
  2171 | Sewer    | Reached skill level 5 in Stealth
  2214 | Sewer    | Reached *** piety under Trog
  2327 | Sewer    | Reached skill level 1 in Shields
  2408 | Sewer    | Found a viscous altar of Jiyva.
  2687 | D:4      | Reached XP level 7. HP: 44/46 MP: 10/10
  3474 | D:4      | Reached skill level 6 in Stealth
  3522 | D:4      | Found Maci's General Store.
  3528 | D:4      | Bought a scroll of identify for 28 gold pieces
  3528 | D:4      | Bought a potion of invisibility for 112 gold pieces
  3912 | D:5      | Entered Level 5 of the Dungeon
  4064 | D:5      | Reached XP level 8. HP: 36/54 MP: 11/11
  4276 | D:5      | Found a sparkling altar of Nemelex Xobeh.
  4276 | D:5      | Found a blossoming altar of Fedhas.
  4653 | D:5      | Reached **** piety under Trog
  4678 | D:5      | Found a sacrificial altar of Ru.
  4767 | D:5      | Reached skill level 7 in Stealth
  4920 | D:5      | Found a white marble altar of Elyvilon.
  4921 | D:5      | Found an opulent altar of Gozag.
  4925 | D:5      | Found a glowing golden altar of the Shining One.
  5040 | D:6      | Found an iron altar of Okawaru.
  5079 | D:6      | Noticed Sigmund
  5087 | D:6      | Killed Sigmund
  5088 | D:6      | Reached skill level 5 in Dodging
  5116 | D:6      | Found a staircase to the Ecumenical Temple.
  5224 | D:6      | Noticed Dowan
  5228 | D:6      | Noticed Duvessa
  5236 | D:6      | Killed Duvessa
  5248 | D:6      | Killed Dowan
  6106 | D:7      | Reached XP level 9. HP: 59/59 MP: 12/12
  6148 | D:7      | Reached skill level 8 in Stealth
  6312 | D:7      | Reached skill level 5 in Fighting
  6312 | D:7      | Reached skill level 5 in Short Blades
  6645 | D:7      | Identified the +1 scale mail of Dawn {*Corrode rPois
                  | Slay+2}
  7334 | D:8      | Reached skill level 9 in Stealth
  7351 | D:8      | Found a flagged portal.
  7398 | Bailey   | Entered a bailey
  7444 | Bailey   | Reached skill level 5 in Shields
  7630 | Bailey   | Reached XP level 10. HP: 61/68 MP: 13/13
  7734 | Bailey   | Reached ***** piety under Trog
  7893 | Bailey   | Noticed a gargoyle
  7906 | Bailey   | Killed a gargoyle
  8185 | Bailey   | Identified the +1 troll leather armour "Kafeix" {^Drain rC-
                  | rN+++ Will+ Regen+}
  8190 | Bailey   | Identified the +0 robe of Dawn {Int+3 Slay+5}
  8297 | D:8      | Found an ornate altar of the Wu Jian Council.
  8361 | D:8      | Reached skill level 10 in Stealth
  8662 | D:8      | Found Kaluot's Weapon Shop.
  9342 | D:9      | Found a burning altar of Makhleb.
  9736 | D:9      | Found a broken altar of Ashenzari.
 10085 | D:10     | Entered Level 10 of the Dungeon
 10085 | D:10     | Found a shimmering blue altar of Sif Muna.
 10163 | D:10     | Noticed Harold
 10170 | D:10     | Killed Harold
 10171 | D:10     | Reached skill level 11 in Stealth
 10171 | D:10     | Reached skill level 1 in Evocations
 10171 | D:10     | Reached XP level 11. HP: 75/75 MP: 14/14
 11157 | D:10     | Found a bloodstained altar of Trog.
 11908 | D:11     | Noticed a death yak
 12111 | D:11     | Noticed a manticore
 12114 | D:11     | Killed a manticore
 12695 | D:11     | Found a staircase to the Lair.
 12769 | D:11     | Slain by a killer bee

Illustrated notes

Levels and vault maps discovered:
D:1:      kennysheep_arrival_forest, layout_basic, shapermc_ecumenical_altar_gd,
          minivault_11, minmay_tall_x
D:2:      layout_rooms
D:3:      layout_rooms, serial_shops, nicolae_shop_industrial_runoff, uniq_ijyb,
          uniq_crazy_yiuf_cottage
D:4:      layout_basic, serial_shops, shop, cheibrodos_sewer_entry_sluice,
          kennysheep_generic_room_14
D:5:      layout_loops_ring, lemuel_doored_altar, minitemple,
          jmf_multi_god_temple, serial_park_tiny_1
D:6:      layout_basic, amcnicky_altar_gilded,
          minmay_temple_entry_drinking_statues, corexii_leaking_fountain,
          nicolae_benzene_ring, uniq_sigmund, uniq_duvessa
D:7:      layout_loops_ring, eino_jars
D:8:      layout_basic, nicolae_wu_jian_wuxing_cycle, serial_shops,
          nicolae_shop_stone, lightli_bailey_entry_fortress,
          serial_co_window_serial, co_window_paths_b, co_window_corner_a,
          co_window_paths_a, co_window_paths_a, co_window_cross_1,
          co_window_corner_a, co_window_corner_a, co_window_paths_a,
          co_window_corner_a, co_window_paths_c, co_window_cross_4,
          co_window_corner_b, glass_columns_a, glass_columns_a, glass_columns_b,
          glass_columns_b
D:9:      layout_cave_pools, ashenzari_conservatory_becter,
          lemuel_crystal_altar, minmay_crystal_water
D:10:     layout_loops_corners, mainiacjoe_overflow_24_doors, led_sif_book,
          uniq_harold
D:11:     layout_small_grid, dpeg_lair_monsters, orc_0_dummy, serial_rivers,
          chequers_serial_rivers_large_a, chequers_serial_rivers_micro_e,
          chequers_serial_rivers_micro_c, chequers_serial_rivers_micro_d,
          chequers_serial_rivers_micro_c

Skill      XL: |  1  2  3  4  5  6  7  8  9 10 11 |
---------------+----------------------------------+-----
Stealth        | 3 4 5 6 7 9 11 | 11.6
Fighting       | 1 2 3 4 6 7 |  7.8
Short Blades   | 1 2 3 4 6 7 |  7.7
Dodging        | 3 4 5 6 7 8 |  8.2
Shields        | 1 2 3 5 6 7 |  7.0
Evocations     | 1 2 |  2.9
Spellcasting   | |  2.2
Summonings     | |  4.1

Action                     |  1- 3 |  4- 6 |  7- 9 | 10-12 || total
---------------------------+-------+-------+-------+-------++-------
  Melee: Short sword       |    67 |    95 |   309 |   383 ||   854
         Constrict         |    16 |    28 |    77 |    40 ||   161
         Tentacles         |     8 |    25 |    75 |   109 ||   217
  Throw: Throwing net      |       |       |     2 |       ||     2
         Dart              |       |       |       |     8 ||     8
   Cast: Summon Small Mamm |     2 |       |       |       ||     2
 Invoke: Berserk           |     1 |     3 |     9 |     6 ||    19
         Brothers in Arms  |       |       |       |     2 ||     2
  Evoke: Wand              |       |       |     4 |     5 ||     9
    Use: Scroll            |       |     4 |     4 |    10 ||    18
         Potion            |       |       |     3 |     1 ||     4
   Stab: Sleeping          |    11 |    16 |    28 |    22 ||    77
         Distracted        |       |     1 |       |       ||     1
         Invisible         |       |       |     3 |       ||     3
 Armour: Skin              |    25 |    37 |   134 |    82 ||   278
  Dodge: Dodged            |    31 |    41 |   254 |   210 ||   536
  Block: Buckler           |       |       |    43 |   102 ||   145

Table legend: (Time is in decaauts)
 A = Elapsed time spent in this place.
 B = Non-inter-level travel time spent in this place.
 C = Inter-level travel time spent in this place.
 D = Time resting spent in this place.
 E = Time spent auto-exploring this place.
 F = Levels seen in this place.
 G = Mean time per level.
                   A        B        C        D        E       F      G
               +--------+--------+--------+--------+--------+-----+--------+
         Total |  12789 |  12435 |    354 |   3645 |   6097 |  13 |  983.8 |
       Dungeon |  11627 |  11273 |    354 |   3112 |   5878 |  11 | 1057.0 |
         Sewer |    306 |    306 |      0 |     29 |    103 |   1 |  306.0 |
        Bailey |    855 |    855 |      0 |    504 |    116 |   1 |  855.0 |
               +--------+--------+--------+--------+--------+-----+--------+

Top non-repeatable levels by time:
    D:10: 2167 daAuts
     D:4: 1608 daAuts
     D:8: 1277 daAuts
     D:7: 1193 daAuts
     D:5: 1066 daAuts
     D:6: 1032 daAuts
  Bailey: 855 daAuts
     D:1: 837 daAuts
     D:9: 686 daAuts
     D:3: 639 daAuts
     D:2: 615 daAuts
    D:11: 503 daAuts
   Sewer: 306 daAuts
